 Dungeon Crawl Stone Soup version 0.22-b1-26-g9dbaab1 (webtiles) character file.

1066 dorian the Frost Mage (level 8, -2/52 HPs)
             Began as a Barachi Ice Elementalist on Aug 6, 2018.
             Was an Initiate of Vehumet.
             Slain by a wight
             ... wielding a cursed +4 falchion
              (5 damage)
             ... on level 5 of the Dungeon.
             The game lasted 00:26:02 (6491 turns).

dorian the Frost Mage (Barachi Ice Elementalist)    Turns: 6491, Time: 00:26:02

Health: -2/52      AC:  3    Str:  9    XL:     8   Next: 28%
Magic:  2/15       EV: 11    Int: 18    God:    Vehumet [......]
Gold:   205        SH:  0    Dex: 13    Spells: 2/17 levels left

rFire    . . .     SeeInvis +   l - +1 dagger (venom)
rCold    . . .     Gourm    .   (no shield)
rNeg     . . .     Faith    .   a - +0 robe
rPois    .         Spirit   .   (no helmet)
rElec    .         Reflect  .   (no cloak)
rCorr    .         Harm     .   u - +0 pair of gloves
MR       .....                  h - +0 pair of boots
Stlth    ++........             (no amulet)
HPRegen  0.17/turn              o - ring of see invisible
MPRegen  0.14/turn              p - ring of stealth

@: can't hop, very slightly contaminated, heavily drained, slow
A: +LOS, swims, deformed body, slowness 1, MP-powered wands, strong legs 1
a: Hop, Renounce Religion


You were on level 5 of the Dungeon.
You worshipped Vehumet.
Vehumet was noncommittal.
You were not hungry.

You visited 2 branches of the dungeon, and saw 7 of its levels.

You collected 205 gold pieces.

Inventory:

Hand Weapons
 l - a +1 dagger of venom (weapon)
 r - a cursed -1 dagger
Armour
 a - a +0 robe (worn)
 h - a +0 pair of boots (worn)
 u - a +0 pair of gloves (worn)
Jewellery
 o - a ring of see invisible (left hand)
 p - a ring of stealth (right hand)
 t - a cursed ring of attention {unknown}
 v - a +3 ring of strength
Scrolls
 b - 6 scrolls of remove curse {unknown}
 d - 2 scrolls of teleportation
 e - 4 scrolls of identify
 f - 2 scrolls of random uselessness {unknown}
 g - 2 scrolls of fog {unknown}
 k - a scroll of enchant weapon {unknown}
 m - 2 scrolls of amnesia {unknown}
 q - 2 scrolls of enchant armour {unknown}
 s - a scroll of immolation {unknown}
 w - a scroll of blinking {unknown}
Potions
 i - a potion of lignification
 j - a potion of might
 n - a potion of haste {unknown}
Comestibles
 c - 13 rations
 x - 2 chunks of flesh


   Skills:
 - Level 2.1(0.9) Dodging
 - Level 1.7(0.5) Stealth
 + Level 5.1(3.8) Spellcasting
 * Level 5.9(4.5) Conjurations
 * Level 8.2(6.7) Ice Magic


You had 2 spell levels left.
You knew the following spells:

 Your Spells              Type           Power        Failure   Level  Hunger
a - Freeze                Ice            ####         1%          1    None
b - Throw Frost           Conj/Ice       ###...       2%          2    ##.....
c - Throw Icicle          Conj/Ice       ###.....     14%         4    ####...
d - Summon Ice Beast      Ice/Summ       ###.....     36%         4    ####...
e - Magic Dart            Conj           ###.         2%          1    None
f - Mephitic Cloud        Conj/Pois/Air  #.......     24%         3    ###....

Your spell library contained the following spells:

 Spells                   Type           Power        Failure   Level  Hunger
 Conjure Flame            Conj/Fire      ##......     19%         3    ###....
 Slow                     Hex            #.......     22%         2    ##.....
 Blink                    Tloc           N/A          22%         2    ##.....
 Ozocubu's Armour         Chrm/Ice       ###.....     11%         3    ###....
 Call Imp                 Summ           #.......     22%         2    ##.....


Dungeon Overview and Level Annotations

Branches:
Dungeon (6/15)             Temple (1/1) D:6

Altars:
Cheibriados
Dithmenos
Elyvilon
Gozag
Hepliaklqana
Kikubaaqudgha
Makhleb
Nemelex Xobeh
Qazlal
Ru
Sif Muna
Trog
Uskayaw
Vehumet
Wu Jian
Xom
Zin


Innate Abilities, Weirdness & Mutations

Shadows flee at your approach. (+LOS)
You can swim through water.
You cover ground slowly.
You can hop short distances.
Armour fits poorly on your strangely shaped body.
You expend magic power (3 MP) to strengthen your wands.


Message History

* * * LOW HITPOINT WARNING * * *
You feel drained.
* * * LOW HITPOINT WARNING * * *
The wight freezes you.
* * * LOW HITPOINT WARNING * * *
Hop to where?
Press: ? - help, Dir - move target cursor, p - wight Boing!
Okay, then.
Things that are here:
a robe; a dagger
There is a stone staircase leading up here.
The wight barely misses you. x2
You climb upwards.
There is a stone staircase leading down here.
As you read the scroll labeled TIOTHR CUPURR, it crumbles to dust.
It is a scroll of identify.
d - 2 scrolls of teleportation The wight hits you with an enchanted falchion.
You die...

########..## #.#.......
#..# #.#..o.... ##..####
#.#.......
#......###########..#......
#..........................
#......########......######
####.### ##....###.######.
####.######..#### #....##..
#.......).@.## ####.....
#........z.## ###...
#.[........# #...
############ ##.. ##.. #...
#... #... ##..


You could see a wight.

Vanquished Creatures
  An orc warrior (D:6)
  2 ogres
  A centaur (D:4)
  A scorpion (D:4)
  2 wights
  A howler monkey (D:5)
  A crimson imp (D:6)
  A jelly (D:6)
  2 hounds
  A bullfrog skeleton (D:6)
  3 worker ants (D:6)
  2 orc wizards
  A worker ant zombie (D:6)
  4 gnolls (D:4)
  11 adders
  A shadow imp (D:5)
  An ooze (D:3)
  An adder skeleton (D:5)
  5 worms
  A dart slug (D:1)
  A leopard gecko (D:5)
  12 orcs
  A ball python (D:3)
  6 bats
  6 giant cockroaches
  9 goblins
  3 hobgoblins
  21 jackals
  2 quokkas
  A frilled lizard (D:4)
  4 kobolds (D:1)
  11 rats
120 creatures vanquished.

Vanquished Creatures (others)
  A human (D:4)
1 creature vanquished.

Grand Total: 121 creatures vanquished

Notes
Turn   | Place    | Note
-------+----------+-------------------------------------------
     0 | D:1      | dorian the Barachi Ice Elementalist began the quest for the Orb.
     0 | D:1      | Reached XP level 1. HP: 13/13 MP: 3/3
    27 | D:1      | You fall through a shaft!
    30 | D:2      | Reached skill level 4 in Ice Magic
    30 | D:2      | Reached XP level 2. HP: 16/19 MP: 0/5
   389 | D:2      | Found a faded altar of an unknown god.
   416 | D:1      | Reached XP level 3. HP: 23/24 MP: 5/7
   571 | D:1      | Learned a level 2 spell: Throw Frost
  1044 | D:1      | Reached XP level 4. HP: 30/30 MP: 2/9
  1166 | D:2      | Learned a level 4 spell: Throw Icicle
  1174 | D:2      | Reached skill level 5 in Ice Magic
  1847 | D:3      | Reached XP level 5. HP: 28/35 MP: 6/10
  1946 | D:3      | Noticed a phantom
  2269 | D:4      | Found an ancient bone altar of Kikubaaqudgha.
  2269 | D:4      | Noticed a human
  2274 | D:4      | Killed a human
  2526 | D:4      | Found a sacrificial altar of Ru.
  2545 | D:4      | Noticed a centaur
  2552 | D:4      | Learned a level 4 spell: Summon Ice Beast
  2589 | D:4      | Killed a centaur
  2589 | D:4      | Reached skill level 6 in Ice Magic
  2589 | D:4      | Reached XP level 6. HP: 22/41 MP: 6/12
  3429 | D:5      | Entered Level 5 of the Dungeon
  3478 | D:5      | Reached XP level 7. HP: 41/46 MP: 1/13
  3988 | D:5      | Gained mutation: Armour fits poorly on your strangely shaped body. [potion of mutation]
  3988 | D:5      | Gained mutation: You expend magic power (3 MP) to strengthen your wands. [potion of mutation]
  3995 | D:5      | Reached skill level 7 in Ice Magic
  4613 | D:5      | Found a shimmering altar of Xom.
  4819 | D:5      | Found a shadowy altar of Dithmenos.
  4889 | D:5      | Learned a level 1 spell: Magic Dart
  4893 | D:5      | Learned a level 3 spell: Mephitic Cloud
  5514 | D:6      | Reached skill level 5 in Conjurations
  5614 | D:6      | Found a staircase to the Ecumenical Temple.
  5623 | Temple   | Entered the Ecumenical Temple
  5742 | Temple   | Became a worshipper of Vehumet
  5785 | D:6      | Reached XP level 8. HP: 22/52 MP: 2/15
  6130 | D:6      | Reached skill level 5 in Spellcasting
  6192 | D:6      | Reached skill level 8 in Ice Magic
  6480 | D:6      | HP: 2/52 [wight/halberd of freezing (2)]
  6491 | D:5      | Slain by a wight

Skill      XL: |  1  2  3  4  5  6  7  8 |
---------------+-------------------------+-----
Ice Magic      | 4 5 6 7 8 |  8.2
Spellcasting   | 3 4 5 |  5.1
Conjurations   | 3 4 5 |  5.9
Dodging        | |  2.1
Stealth        | |  1.7

Action                   |  1- 3 |  4- 6 |  7- 9 || total
-------------------------+-------+-------+-------++-------
Melee: Unarmed           |    11 |       |       ||    11
       Dagger            |    15 |    43 |    49 ||   107
 Cast: Freeze            |    55 |    48 |    18 ||   121
       Throw Frost       |       |    42 |    41 ||    83
       Magic Dart        |       |       |    45 ||    45
       Throw Icicle      |       |       |     7 ||     7
       Summon Ice Beast  |       |       |     3 ||     3
 Abil: Hop               |       |     1 |     7 ||     8
  Use: Potion            |       |       |     5 ||     5
       Scroll            |       |       |     1 ||     1
 Stab: Sleeping          |       |     6 |     1 ||     7
       Invisible         |       |       |     3 ||     3
  Eat: Chunk             |     1 |    10 |     6 ||    17
       Ration            |       |       |     2 ||     2
Armor: Robe              |    26 |    16 |    13 ||    55
       Skin              |       |       |    35 ||    35
Dodge: Dodged            |    42 |    59 |    61 ||   162
